 Dungeon Crawl Stone Soup version 0.27.1-34-g3ba077fa99 (webtiles) character file.

Game seed: 9268077510412658611

3896 Sharkman1231 the Insei (level 10, 0/77 HPs)
             Began as a Demonspawn Transmuter on Jan 17, 2022.
             Was a Believer of Makhleb.
             Slain by a slime creature (12 damage)
             ... on level 1 of the Abyss.
             The game lasted 00:10:09 (9430 turns).

Sharkman1231 the Insei (Demonspawn Transmuter)      Turns: 9430, Time: 00:10:10

Health: 0/77       AC: 16    Str: 10    XL:     10   Next: 0%
Magic:  0/13       EV: 13    Int: 15    God:    Makhleb [**....]
Gold:   275        SH:  0    Dex: 17    Spells: 10/13 levels left

rFire    . . .     SeeInvis .   a - +1 rapier (elec)
rCold    + . .     Faith    .   (no shield)
rNeg     . . .     Spirit   +   h - +1 ring mail {rC+}
rPois    .         Reflect  .   (no helmet)
rElec    .         Harm     .   s - +2 cloak
rCorr    .         Rampage  .   (no gloves)
Will     .....                  (no boots)
Stlth    +.........             (no amulet)
HPRegen  0.22/turn              o - +4 ring of protection
MPRegen  0.26/turn              (no ring)

@: mighty
A: slimy green scales 2, magic shield, magic regeneration, magic link, demonic
magic 2, [subdued magic 2]
a: Renounce Religion, Minor Destruction


You were on level 1 of the Abyss.
You worshipped Makhleb.
Makhleb was pleased with you.
You visited 2 branches of the dungeon, and saw 10 of its levels.
You visited the Abyss 1 time.

You collected 275 gold pieces.

Inventory:

Hand Weapons
 a - a +1 rapier of electrocution (weapon)
 q - a +1 dagger of venom
Armour
 h - a +1 ring mail of cold resistance (worn)
 s - a +2 cloak (worn)
Jewellery
 o - a +4 ring of protection (left hand)
Wands
 v - a wand of iceblast (4)
Scrolls
 b - 2 scrolls of enchant armour
 c - 2 scrolls of teleportation {unknown}
 d - 2 scrolls of magic mapping {unknown}
 j - a scroll of immolation {unknown}
 n - 2 scrolls of fear {unknown}
 p - a scroll of summoning {unknown}
 r - 2 scrolls of noise {unknown}
 u - a scroll of fog
Potions
 e - 3 potions of mutation {unknown}
 f - a potion of magic {unknown}
 g - a potion of heal wounds
 i - 3 potions of attraction
 k - a potion of might
 m - 2 potions of resistance
 t - a potion of degeneration {unknown}
 w - a potion of cancellation {unknown}


   Skills:
 + Level 6.4 Fighting
 + Level 5.7 Short Blades
 + Level 6.1 Dodging
 + Level 6.5 Unarmed Combat
 - Level 2.0 Spellcasting
 + Level 6.2 Transmutations


You had 10 spell levels left.
You knew the following spells:

 Your Spells              Type           Power      Damage    Failure   Level
a - Beastly Appendage     Tmut           24%        N/A       2%          1
b - Wereblood             Tmut           12%        N/A       4%          2

Your spell library contained the following spells:

 Spells                   Type           Power      Damage    Failure   Level
 Spider Form              Tmut/Pois      3%         N/A       34%         3
 Summon Small Mammal      Summ           0%         N/A       41%         1
 Blink                    Tloc           N/A        N/A       56%         2
 Ice Form                 Ice/Tmut       6%         N/A       78%         4
 Call Canine Familiar     Summ           0%         N/A       80%         3
 Lesser Beckoning         Tloc           0%         N/A       80%         3
 Summon Guardian Golem    Hex/Summ       0%         N/A       80%         3
 Manifold Assault         Tloc           0%         N/A       100%        5


Dungeon Overview and Level Annotations

Branches:
Dungeon (9/15)             Temple (1/1) D:4            Lair (0/6) D:9
    Orc: D:9-12

Altars:
Ashenzari
Cheibriados
Dithmenos
Elyvilon
Fedhas
Gozag
Hepliaklqana
Kikubaaqudgha
Makhleb
Nemelex Xobeh
Qazlal
Ru
Sif Muna
Trog
Uskayaw
Vehumet
Wu Jian
Xom
Yredelemnul
Zin
The Shining One

Shops:
D:4 (   D:5 (:

Annotations:
D:5 exclusion: 2 doors
D:9 Erolcha


Innate Abilities, Weirdness & Mutations

You are mostly covered in slimy green scales. (AC +3)
When hurt, damage is shared between your health and your magic reserves.
You regenerate magic rapidly.
When low on magic, you restore magic in place of health.
Spells you cast may paralyse nearby enemies.
[Your spells are easier to cast, but less powerful.]


Message History

A chorus of shrieks assaults your mind. The ynoxinul barely misses you.
The slime creature hits you!
Unknown command.
You hit the large abomination.
The large abomination is lightly damaged.
A chorus of shrieks assaults your mind. The large abomination hits you!
The ynoxinul hits you but does no damage.
Unknown command.
You puncture the large abomination!
The large abomination is lightly damaged.
The slime creature hits you!
A starcursed mass splits.
The large abomination closely misses you.
You hit the large abomination but do no damage.
Lightning courses through the large abomination!!
The large abomination is heavily damaged.
The ynoxinul misses you. The slime creature closely misses you.
Unknown command.
You puncture the large abomination! You punch the large abomination.
The large abomination is almost destroyed.
The ynoxinul hits you but does no damage.
The wretched star pulses with an eldritch light!
Your connection to magic feels subdued.
Your connection to magic feels more subdued.
The slime creature hits you.
The large abomination closely misses you.
You hit the large abomination.
You destroy the large abomination!
Makhleb accepts your kill.
You feel better. A chorus of shrieks assaults your mind.
The ynoxinul hits you but does no damage.
The wretched star glows turbulently.
The lance of force hits you!!
* * * LOW HITPOINT WARNING * * *
You are knocked back by the lance of force.
You slam into the stone wall!
* * * LOW HITPOINT WARNING * * *
The slime creature hits you!
You die...

# ###### .#
.#... ## .
.#..# ##
#.#.#.... .# ..
#*#.... .## .
#. .....###..#.
#[ ##.#...#...#
#.#*4......#
#.@J..##..##
......##3.X....
# #.#..
#..X..##### ##
#.#
.##.#.X..#.#...
..
.#.§#..#.....#
. #
.§#.#...#.#...
..#.. ....##
#..
##.#.#..#.#..#
.. #..(#...#


You could see 3 starcursed masses, a wretched star, a slime creature, a ynoxinul
and a chaos spawn.

Vanquished Creatures
  A hornet (D:7)
  Sigmund (D:2)
  A yak (D:9)
  A wraith (D:9)
  2 steam dragons
  A large abomination (Abyss:1)
  A water moccasin (D:9)
  An ice beast (D:5)
  An ogre (D:5)
  3 orc warriors
  A necrophage (D:5)
  2 centaurs
  A bullfrog (D:6)
  A gnoll sergeant (D:6)
  2 water moccasin zombies
  2 scorpions
  5 killer bees (D:9)
  2 water moccasin skeletons
  12 wights
  2 howler monkeys (D:9)
  2 centaur zombies
  2 hounds
  Crazy Yiuf (D:2)
  5 orc priests
  2 bullfrog skeletons
  An iguana (D:4)
  3 gnoll shamans
  6 orc wizards
  A killer bee zombie (D:6)
  A hound skeleton (D:4)
  A mummy (D:8)
  A howler monkey zombie (D:7)
  12 gnolls
  5 adders
  2 shadow imps (D:7)
  A white imp (D:7)
  An ufetubus (D:4)
  2 worms
  2 dart slugs
  22 orcs
  4 bats
  7 endoplasms
  6 giant cockroaches
  7 goblins
  8 hobgoblins
  7 jackals
  2 quokkas (D:2)
  11 ball pythons
  3 frilled lizards
  11 kobolds
  6 rats
188 creatures vanquished.

Vanquished Creatures (others)
  3 plants
3 creatures vanquished.

Grand Total: 191 creatures vanquished

Notes
Turn   | Place    | Note
-------+----------+-------------------------------------------
     0 | D:1      | Sharkman1231 the Demonspawn Transmuter began the quest for
                  | the Orb.
     0 | D:1      | Reached XP level 1. HP: 15/15 MP: 3/3
   346 | D:1      | Found a faded altar of an unknown god.
   363 | D:1      | Gained mutation: You regenerate magic rapidly. [demonic
                  | ancestry]
   363 | D:1      | Reached XP level 2. HP: 5/21 MP: 5/5
  1273 | D:1      | Reached XP level 3. HP: 26/26 MP: 6/6
  1586 | D:2      | Noticed Sigmund
  1796 | D:2      | Reached skill level 1 in Short Blades
  1796 | D:2      | Gained mutation: You are partially covered in slimy green
                  | scales. (AC +2) [demonic ancestry]
  1796 | D:2      | Reached XP level 4. HP: 33/33 MP: 7/7
  1998 | D:2      | Found a runed translucent door.
  1999 | D:2      | Noticed Crazy Yiuf
  2918 | D:3      | Learned a level 2 spell: Wereblood
  2937 | D:3      | Gained mutation: When hurt, damage is shared between your
                  | health and your magic reserves. [demonic ancestry]
  2937 | D:3      | Reached XP level 5. HP: 37/38 MP: 5/8
  3521 | D:2      | Killed Sigmund
  3522 | D:2      | Reached XP level 6. HP: 46/46 MP: 9/9
  3792 | D:2      | Killed Crazy Yiuf
  4029 | D:4      | Gained mutation: You are mostly covered in slimy green
                  | scales. (AC +3) [demonic ancestry]
  4029 | D:4      | Reached XP level 7. HP: 45/52 MP: 8/10
  4368 | D:4      | Found a staircase to the Ecumenical Temple.
  4464 | D:4      | Found Emaguwese's Antique Weapon Boutique.
  4746 | Temple   | Entered the Ecumenical Temple
  4926 | Temple   | Became a worshipper of Makhleb the Destroyer
  4949 | D:5      | Entered Level 5 of the Dungeon
  5049 | D:5      | Found Garaecav's Antique Weapon Emporium.
  5126 | D:5      | Found Wenn's Self-Improvement Boutique.
  5829 | D:6      | Gained mutation: Spells you cast may paralyse adjacent
                  | enemies. [demonic ancestry]
  5829 | D:6      | Reached XP level 8. HP: 56/60 MP: 11/11
  6252 | D:6      | Reached skill level 5 in Unarmed Combat
  6305 | D:6      | Reached * piety under Makhleb
  6823 | D:5      | Found a blossoming altar of Fedhas.
  6823 | D:5      | Found an ancient bone altar of Kikubaaqudgha.
  6875 | D:5      | Reached skill level 5 in Fighting
  6875 | D:5      | Reached skill level 5 in Transmutations
  7146 | D:6      | HP: 3/93 [poisoned by an orc warrior]
  7475 | D:7      | Reached skill level 5 in Dodging
  7556 | D:7      | Gained mutation: Spells you cast may paralyse nearby
                  | enemies. [demonic ancestry]
  7556 | D:7      | Reached XP level 9. HP: 68/68 MP: 12/12
  8118 | D:7      | Found a sparkling altar of Nemelex Xobeh.
  8121 | D:7      | Found a shadowy altar of Dithmenos.
  8139 | D:7      | Reached ** piety under Makhleb
  8448 | D:8      | Reached skill level 5 in Short Blades
  8578 | D:8      | Found a snail-covered altar of Cheibriados.
  8602 | D:8      | Noticed a two-headed ogre
  8796 | D:9      | Found a staircase to the Lair.
  9338 | D:9      | Gained mutation: When low on magic, you restore magic in
                  | place of health. [demonic ancestry]
  9338 | D:9      | Reached XP level 10. HP: 76/77 MP: 11/13
  9365 | D:9      | Noticed Erolcha
  9371 | D:9      | Cast into level 1 of the Abyss (Erolcha)
  9409 | Abyss:1  | Noticed a starcursed mass
  9422 | Abyss:1  | Noticed a wretched star
  9430 | Abyss:1  | Slain by a slime creature

Illustrated notes

Levels and vault maps discovered:
D:1:      lemuel_arrival_muddy, layout_rooms,
          shapermc_ecumenical_altar_mp_ritualfount
D:2:      layout_loops_ring, uniq_sigmund, uniq_crazy_yiuf_cottage
D:3:      layout_loops_ring
D:4:      layout_basic, minmay_temple_entry_hall, serial_shops, shop,
          minmay_cupped
D:5:      cheibrodos_two_vegetables, layout_gridville,
          grunt_temple_overflow_growth_and_decay, serial_shops, shop,
          nicolae_shop_self_help
D:6:      layout_rooms
D:7:      layout_loops_cross, chequers_temple_overflow_statue_of_worship
D:8:      layout_cave_pools, slow_altar_1, gammafunk_ghost_wrathful_warriors
D:9:      layout_stronghold, lair_entry_dummy, uniq_erolcha
Temple:   eino_temple_rhombus
Abyss:1:  base: D:2, hangedman_shadowy_showcase

Skill      XL: |  1  2  3  4  5  6  7  8  9 |
---------------+----------------------------+-----
Dodging        | 2 3 4 5 6 |  6.1
Transmutations | 2 3 4 5 6 |  6.2
Unarmed Combat | 3 4 5 6 |  6.5
Fighting       | 2 3 4 5 6 |  6.4
Short Blades   | 1 2 3 4 5 |  5.7
Spellcasting   | |  2.0

Action                   |  1- 3 |  4- 6 |  7- 9 | 10-12 || total
-------------------------+-------+-------+-------+-------++-------
Melee: Unarmed           |    45 |       |     4 |       ||    49
       Kick              |     1 |       |     7 |       ||     8
       Headbutt          |     1 |       |     7 |       ||     8
       Rapier            |    63 |   120 |   341 |     6 ||   530
       Punch             |     1 |     1 |     6 |     1 ||     9
       Dagger            |       |       |     4 |       ||     4
 Cast: Beastly Appendage |     1 |       |     9 |       ||    10
       Wereblood         |       |     2 |     2 |       ||     4
Evoke: Wand              |       |       |     3 |       ||     3
  Use: Potion            |       |     1 |     4 |     1 ||     6
       Scroll            |       |     5 |     3 |       ||     8
 Stab: Sleeping          |       |       |     1 |       ||     1
       Paralysed         |       |       |     8 |       ||     8
Armor: Robe              |    17 |    38 |    80 |       ||   135
       Skin              |       |       |     3 |       ||     3
       Ring mail         |       |       |    37 |     3 ||    40
Dodge: Dodged            |    81 |   105 |   223 |     5 ||   414
